 Dungeon Crawl Stone Soup version 0.18-a0-946-g3ac5b32 (webtiles) character file.

4 Gorice the Magician (level 1, -2/7 HPs)
             Began as a Felid Wanderer on Dec 29, 2015.
             Slain by a hobgoblin
             ... wielding a cursed +0 club
              (4 damage)
             ... on level 1 of the Dungeon.
             The game lasted 00:01:14 (141 turns).

Gorice the Magician (Felid Wanderer)                 Turns: 141, Time: 00:01:14

Health: -2/7       AC:  1    Str:  6    XL:     1   Next: 58%
Magic:  1/6        EV: 15    Int: 11    God:
Gold:   0          SH:  0    Dex: 19    Spells: 1 memorised, 7 levels left
                                        Lives:  0   Deaths: 0

rFire  . . .     SeeInvis +     (weapon unavailable)
rCold  . . .     Gourm    .     (armour unavailable)
rNeg   . . .     Faith    .     (shield unavailable)
rPois  .         Spirit   .     (helmet unavailable)
rElec  .         Dismiss  .     (cloak unavailable)
rCorr  .         Reflect  .     (gloves unavailable)
SustAt .         Harm     .     (boots unavailable)
MR     .....                    (no amulet)
Stlth  +++.......               (no ring)
                                (no ring)

@: very slightly contaminated, quick, not resistant to hostile enchantments,
fairly stealthy
A: no armour, no weapons or thrown items, claws 1, fangs 3, see invisible,
carnivore 3, speed 1, shaggy fur 1, slow metabolism 1, sharp paws
a: no special abilities


You were on level 1 of the Dungeon.
You were not hungry.

You visited 1 branch of the dungeon, and saw 1 of its levels.

Inventory:

Scrolls
 d - a scroll of fog {unknown}
 e - a scroll of identify {unknown}
Potions
 b - a potion of curing
Books
 a - a book of Minor Magic
Comestibles
 c - a meat ration {!e}


   Skills:
 - Level 1.3 Stealth
 - Level 4.0 Spellcasting
 * Level 1.0 Conjurations
   Level 3.2 Transmutations
   Level 1.0 Poison Magic
   Level 1.1 Evocations


You had 7 spell levels left.
You knew the following spells:

 Your Spells              Type           Power        Failure   Level  Hunger
a - Magic Dart            Conj           #...         17%         1    #......


Dungeon Overview and Level Annotations

Branches:
Dungeon (1/15)

Altars:


Innate Abilities, Weirdness & Mutations

You cannot wear armour.
You are incapable of wielding weapons or throwing items.
You have sharp claws.
You have razor-sharp teeth.
You have supernaturally acute eyesight.
You are carnivorous and can eat meat at any time.
You cover ground quickly.
You are covered in fur (AC +1).
You have a slow metabolism.
Your sharp claws are effective at attacking unaware monsters.


Message History

You scratch the bat.
The bat is severely wounded.
The bat hits you but does no damage.
You scratch the bat but do no damage. You bite the bat.
You kill the bat!
You barely miss the hobgoblin.
The hobgoblin is moderately wounded.
The hobgoblin barely misses you.
Casting: Magic Dart
Confirm with . or Enter, or press ? or * to list all spells.
Aiming: Magic Dart
Press: ? - help, Shift-Dir - straight line, f/p - hobgoblin
Aim: a hobgoblin, wielding a club (moderately wounded)
You miscast Magic Dart.
You are very lightly contaminated with residual magic.
Nothing appears to happen.
The hobgoblin completely misses you.
You completely miss the hobgoblin.
The hobgoblin is moderately wounded.
The hobgoblin misses you.
You scratch the hobgoblin but do no damage.
The hobgoblin is moderately wounded.
You scratch the hobgoblin but do no damage.
You bite the hobgoblin.
The hobgoblin is heavily wounded.
The hobgoblin hits you with a club.
Damage: 1 (max 1)
You completely miss the hobgoblin.
The hobgoblin is heavily wounded.
The hobgoblin closely misses you.
You scratch the hobgoblin but do no damage.
The hobgoblin is heavily wounded.
The hobgoblin completely misses you.
You closely miss the hobgoblin.
The hobgoblin is heavily wounded.
The hobgoblin barely misses you.
You scratch the hobgoblin.
You kill the hobgoblin!
Your Conjurations skill increases to level 1!
You scratch the hobgoblin.
You bite the hobgoblin, but do no damage.
The hobgoblin is severely wounded.
The hobgoblin hits you with a club.
* * * LOW HITPOINT WARNING * * *
Damage: 2 (max 2)
You scratch the hobgoblin.
You bite the hobgoblin, but do no damage.
The hobgoblin is almost dead.
The hobgoblin hits you with a club.
Ouch! That really hurt!
You die...

............................
###.###....g..b......####....
........#####g##.#.....######.#
###+##..# #.........[.......#
#..# ####.#.....######## ##g##
#r####..# #..# #l# ##.## #.g##
#g# #..# #...# #@# ##.# #.#r##
##.# #.# #.#..#........# #.#
...#+##.#.......[# #.#
.................# #.##
.##....#......?..# #..#
#....#..###+#### ##.# #....##.#
#.## #.!.. #.. #..#


You could see a hobgoblin, a giant newt and a rat.

Vanquished Creatures
  A bat (D:1)
  A hobgoblin (D:1)
  A kobold (D:1)
  2 rats (D:1)
5 creatures vanquished.

Notes
Turn   | Place    | Note
--------------------------------------------------------------
     0 | D:1      | Gorice the Felid Wanderer began the quest for the Orb.
     0 | D:1      | Gorice set off with: a book of Minor Magic, 2 potions of curing, a meat ration {!e}
     0 | D:1      | Reached XP level 1. HP: 7/7 MP: 6/6
     4 | D:1      | Learned a level 1 spell: Magic Dart
   107 | D:1      | HP: 2/7 [bat (1)]
   139 | D:1      | Reached skill level 1 in Conjurations
   140 | D:1      | HP: 2/7 [hobgoblin/club (2)]
   141 | D:1      | Slain by a hobgoblin

Vault maps used:
D:1:      dpeg_arrival_rooms_b

Action                   || total
-------------------------++-------
Melee: Unarmed           ||    22
 Cast: Magic Dart        ||    10
  Use: Potion            ||     1

Table legend:
 A = Turns spent in this place as a percentage of turns spent in the entire game.
 B = Non-inter-level travel turns spent in this place as a percentage of non-inter-level travel turns spent in the entire game.
 C = Inter-level travel turns spent in this place as a percentage of turns spent in this place.
 D = Turns resting spent in this place as a percentage of non-inter-level travel turns spent in this place.
 E = Turns spent auto-exploring this place as a percentage of non-inter-level travel turns spent in this place.
 F = Non-inter-level travel turns spent in this place divided by the number of levels of this place that you've seen.
                   A       B       C       D       E      F
               +-------+-------+-------+-------+-------+----------------------
         Total | 100.0 | 100.0 |   0.0 |   0.0 |   7.2 |  83.0
       Dungeon | 100.0 | 100.0 |   0.0 |   0.0 |   7.2 |  83.0
               +-------+-------+-------+-------+-------+----------------------

Vault maps used:
D:1:      dpeg_arrival_rooms_b
